cohdb
Replays
Latest Replays
All Replays
Popular Replays
Top Player Replays
Match Explorer
How It Works
Community
CoH3 Stats
Reddit
Sign in to upload your games and track your stats! →
Sign in with Steam
Match 42586712
Unlisted
Match 42586712
Overview
Messages
Build Orders
End
Selects Italian Coastal Battlegroup
Selects Coastal Reserves
Coastal Reserve
Construct Infanterie Kompanie
Coastal Reserve
GrW 34 Mortar Team
Coastal Reserve
Selects Artillery Officer
Artillery Officer
Medical Bunker
Construct Panzergrenadier Kompanie
251 Medium Carrier
Coastal Reserve
Coastal Reserve
Selects Support Bunkers
Coastal Reserve
Support Elements
Selects Designated Artillery Overwatch
Abuse Busted Allies
DrinkIIScotch
Thomas
Wednesday
Phan
Dark Angels
Tirant
SoldMyDad
0
0
Comments
sign in to comment!
No comments posted yet!